 Dungeon Crawl Stone Soup version 0.31-a0-437-g7cee417757 (webtiles) character file.

Game seed: 3667028940920589407

271 AdnanSaban the Covered (level 6, 0/38 HPs)
             Began as a Gargoyle Fighter on Aug 2, 2023.
             Slain by a sleepcap (3 damage)
             ... on level 5 of the Dungeon.
             The game lasted 00:03:37 (3217 turns).

AdnanSaban the Covered (Gargoyle Fighter)           Turns: 3217, Time: 00:03:38

Health: 0/38       AC: 14    Str: 21    XL:     6   Next: 23%
Magic:  6/6        EV:  9    Int:  9    God:
Gold:   148        SH:  4    Dex:  9    Spells: 5/5 levels left

rFire   . . .        a - +2 whip (venom)
rCold   . . .        c - +0 buckler
rNeg    + . .        b - +0 scale mail
rPois   ∞            (no helmet)
rElec   +            g - +0 cloak
rCorr   .            k - +0 pair of gloves
SInv    .            (no boots)
Will    .....        (no amulet) Stlth
                     (no ring)
HPRegen 0.26/turn    (no ring)
MPRegen 0.10/turn

%: no passive effects
@: no status effects
A: sickness immunity, AC +4, negative energy resistance 1, electricity
resistance, torment resistance 1, petrification resistance
a: no special abilities


You were on level 5 of the Dungeon.
You visited 1 branch of the dungeon, and saw 5 of its levels.

You collected 148 gold pieces.

Inventory:

Hand Weapons
 a - a +2 whip of venom (weapon)
Missiles
 t - 3 poisoned darts
Armour
 b - a +0 scale mail (worn)
 c - a +0 buckler (worn)
 g - a +0 cloak (worn)
 k - a +0 pair of gloves (worn)
 B - a +0 tower shield
Jewellery
 p - a ring of magical power
 v - a ring of willpower
Wands
 l - a wand of iceblast (14)
Scrolls
 f - 2 scrolls of teleportation {unknown}
 h - 2 scrolls of revelation {unknown}
 j - 2 scrolls of enchant weapon {unknown}
 n - 2 scrolls of poison {unknown}
 o - 2 scrolls of identify {unknown}
 q - a scroll of amnesia {unknown}
 r - a scroll of fog {unknown}
 x - a scroll of brand weapon {unknown}
 y - a scroll of immolation {unknown}
Potions
 d - a potion of might
 e - a potion of mutation {unknown}
 i - a potion of resistance {unknown}
 m - 3 potions of curing {unknown}
 s - 2 potions of degeneration {unknown}
 u - a potion of brilliance {unknown}
 w - 2 potions of ambrosia {unknown}
 z - a potion of enlightenment {unknown}
 A - a potion of heal wounds {unknown}


   Skills:
 + Level 4.0 Fighting
 + Level 3.8 Maces & Flails
 + Level 4.7 Armour
 + Level 1.5 Dodging
 + Level 0.1 Stealth
 + Level 4.2 Shields


You had 5 spell levels left.
You didn't know any spells.
Your spell library contained the following spells:

 Spells                   Type           Power      Damage    Failure   Level
 Apportation              Tloc           0%         N/A       78%         1
 Summon Small Mammal      Summ           0%         N/A       78%         1
 Ensorcelled Hibernation  Hex/Ice        0%         N/A       89%         2
 Passwall                 Tmut/Erth      0%         N/A       89%         2
 Call Canine Familiar     Summ           0%         N/A       98%         3
 Summon Guardian Golem    Hex/Summ       0%         N/A       98%         3
 Swiftness                Air            0%         N/A       98%         3
 Petrify                  Tmut/Erth      0%         N/A       100%        4
 Alistair's Intoxication  Tmut/Pois      0%         N/A       100%        5
 Irradiate                Conj/Tmut      0%         3d11      100%        5
 Sublimation of Blood     Necr           Unusable   N/A       N/A         2

Dungeon Overview and Level Annotations

Branches:
Dungeon (5/15)
 Temple: D:4-7

Altars:
Fedhas

Shops:
D:2 !   D:4 [[!*!

Annotations:
D:3 1 runed translucent door, Digitaldip's ghost, amateur TrBe


Innate Abilities, Weirdness & Mutations

You are immune to sickness and miasma.
Your stone body is resilient. (AC +4)
You are immune to poison.
You resist negative energy. (rN+)
You are resistant to electric shocks. (rElec)
You are resistant to unholy torment.
You are immune to petrification.


Message History

The sleepcap completely misses you. You block the ice beast's attack.
You hit the ice beast but do no damage.
The ice beast is poisoned.
The ice beast is severely wounded.
The sleepcap releases spores at you.
The ice beast hits you but does no damage.
You are too injured to fight recklessly!
You are too injured to fight recklessly!
You are too injured to fight recklessly!
You are too injured to fight recklessly!
You are too injured to fight recklessly!
You are too injured to fight recklessly!
You are too injured to fight recklessly!
You are too injured to fight recklessly!
You are too injured to fight recklessly!
You are too injured to fight recklessly!
You are too injured to fight recklessly!
You are too injured to fight recklessly!
You are too injured to fight recklessly!
You are too injured to fight recklessly!
You are too injured to fight recklessly!
You are too injured to fight recklessly!
You are too injured to fight recklessly!
You are too injured to fight recklessly!
You barely miss the ice beast.
The ice beast is severely wounded.
The sleepcap releases spores at you but does no damage.
The ice beast hits you. The ice beast freezes you!
* * * LOW HITPOINT WARNING * * *
The ice beast closely misses you.
You barely miss the ice beast.
The ice beast is almost dead.
The sleepcap barely misses you. The ice beast closely misses you.
You hit the ice beast.
The ice beast looks as sick as possible!
The ice beast is almost dead.
The sleepcap closely misses you. The ice beast misses you.
You hit the ice beast.
You kill the ice beast!
The sleepcap releases spores at you.
You die...

#########
#+##........
...........
..."......
.........
#†$......
#f.......
#@.......
#########


You could see a sleepcap.

Vanquished Creatures
  An ice beast (D:5)
  A phantom (D:4)
  An orc wizard (D:4)
  3 adders
  An ufetubus (D:4)
  3 worms
  6 dart slugs
  8 orcs
  7 bats
  11 endoplasms
  5 giant cockroaches
  6 goblins
  9 hobgoblins
  10 jackals
  12 kobolds
  3 quokkas
  2 ball pythons
  A frilled lizard (D:3)
  21 rats
111 creatures vanquished.

Notes
Turn   | Place    | Note
-------+----------+-------------------------------------------
     0 | D:1      | AdnanSaban the Gargoyle Fighter began the quest for the
                  | Orb.
     0 | D:1      | Reached XP level 1. HP: 14/14 MP: 1/1
    57 | D:1      | Reached XP level 2. HP: 5/19 MP: 2/2
   611 | D:2      | Reached XP level 3. HP: 23/23 MP: 3/3
   719 | D:2      | Found Teon's Distillery.
   992 | D:2      | Reached XP level 4. HP: 18/28 MP: 4/4
  1378 | D:3      | Found a blossoming altar of Fedhas.
  1722 | D:3      | Reached XP level 5. HP: 32/33 MP: 5/5
  2000 | D:3      | Reached skill level 1 in Dodging
  2150 | D:3      | Found a runed translucent door.
  2151 | D:3      | Noticed Digitaldip's ghost (amateur TrBe)
  2250 | D:3      | Found a faded altar of an unknown god.
  2386 | D:4      | Found Juts's Distillery.
  2447 | D:4      | Found Fualu's Distillery.
  2543 | D:4      | Found Lockef's Armour Emporium.
  2711 | D:4      | Found Obocrasa's Antique Armour Shoppe.
  2899 | D:4      | Found Imitwe's General Store.
  3073 | D:4      | Noticed a phantom
  3103 | D:4      | Killed a phantom
  3104 | D:4      | Reached XP level 6. HP: 29/38 MP: 6/6
  3192 | D:5      | Entered Level 5 of the Dungeon
  3192 | D:5      | Noticed an ice beast
  3217 | D:5      | Killed an ice beast
  3217 | D:5      | Slain by a sleepcap

Illustrated notes

Levels and vault maps discovered:
D:1:      moated_graveyard_arrival, layout_rooms, due_unseen_surprise
D:2:      layout_rooms, serial_shops, nicolae_shop_industrial_runoff,
          kennysheep_potato
D:3:      layout_loops_ring, fedhas_altar_fruit_tree,
          ebering_ghost_reflecting_pool, dilly_ecumenical_altar_fadedgnrine,
          minmay_rat_hole
D:4:      layout_gridville, serial_shops, shop, nicolae_take_the_stairs, shop,
          nicolae_shop_getting_attention, shop, chequers_garden
D:5:      layout_basic, minmay_temple_entry_stoned_glass, enter_ossuary_1,
          item_on_display_a, uniq_sigmund

Skill      XL: |  1  2  3  4  5 |
---------------+----------------+-----
Armour         | 4 |  4.7
Maces & Flails | 3 |  3.8
Shields        | 4 |  4.2
Dodging        | 1 |  1.5
Fighting       | 4 |  4.0
Stealth        | |  0.1

Action                     |  1- 3 |  4- 6 || total
---------------------------+-------+-------++-------
  Melee: Flail             |    39 |       ||    39
         Whip              |    54 |   230 ||   284
 Armour: Scale mail        |    50 |   127 ||   177
  Dodge: Dodged            |    48 |   113 ||   161
  Block: Buckler           |    25 |    54 ||    79

Table legend: (Time is in decaauts)
 A = Elapsed time spent in this place.
 B = Non-inter-level travel time spent in this place.
 C = Inter-level travel time spent in this place.
 D = Time resting spent in this place.
 E = Time spent auto-exploring this place.
 F = Levels seen in this place.
 G = Mean time per level.
                   A        B        C        D        E       F      G
               +--------+--------+--------+--------+--------+-----+--------+
         Total |   3223 |   3027 |    196 |     60 |   2292 |   5 |  644.6 |
       Dungeon |   3223 |   3027 |    196 |     60 |   2292 |   5 |  644.6 |
               +--------+--------+--------+--------+--------+-----+--------+

Top non-repeatable levels by time:
     D:3: 1040 daAuts
     D:4: 807 daAuts
     D:1: 693 daAuts
     D:2: 659 daAuts
     D:5: 23 daAuts
